 Dungeon Crawl Stone Soup version 0.32-a0-913-g739538afd8 (webtiles) character file.

Game seed: 18124242241096865776

4786 Fodor the Cleaver (level 10, -3/85 (86) HPs)
             Began as a Minotaur Fighter on Apr 7, 2024.
             Was an Initiate of Gozag.
             Slain by a cyclops (20 damage)
             ... on level 9 of the Dungeon.
             The game lasted 00:22:19 (8457 turns).

Fodor the Cleaver (Minotaur Fighter)                Turns: 8457, Time: 00:22:20

HP:   -3/85 (86)    AC: 16    Str: 25    XL:     10   Next: 24%
MP:   0/9           EV:  7    Int:  9    God:    Gozag
Gold: 730           SH:  5    Dex: 10    Spells: 9/9 levels left

rFire   + . .        N - +3 mace "Jixziv" {heavy, rF+ rN+ Int+4}
rCold   . . .        c - +0 buckler
rNeg    + + .        M - +2 plate armour {rN+}
rPois   .            (helmet currently unavailable)
rElec   .            (cloak currently unavailable)
rCorr   .            (gloves currently unavailable)
SInv    .            (boots currently unavailable)
Will    .....        i - amulet of guardian spirit Stlth
                     (no ring)
HPRegen 0.34/turn    (no ring)
MPRegen 0.11/turn

%: guardian spirit
@: mighty, beast-form, lightly drained
A: beast (slay +2), horns 2, retaliatory headbutt
a: Begin Untransformation, Renounce Religion, Potion Petition, Call Merchant,
Bribe Branch


You were on level 9 of the Dungeon.
You worshipped Gozag.
Gozag was pleased with you.
You were a hulking beast.
You visited 2 branches of the dungeon, and saw 10 of its levels.

You collected 1388 gold pieces.
You spent 595 gold pieces at shops.
You paid 63 gold pieces to Gozag.

Inventory:

Hand Weapons
 a - a +0 war axe of venom
 N - the +3 mace "Jixziv" (weapon) {heavy, rF+ rN+ Int+4}
   (You found it on level 9 of the Dungeon)

   Int+4:     It affects your intelligence (+4).
   rF+:       It protects you from fire.
   rN+:       It protects you from negative energy.
 O - a +0 orcbow
Missiles
 I - 9 boomerangs (quivered)
Armour
 c - a +0 buckler (worn)
 w - a +0 cloak
 F - a scarf of resistance
 K - a +2 hat
 L - the orb "Exuedaphu" {*channel, Fly SInv}
   (You bought it in a shop on level 2 of the Dungeon)

   SInv:      It lets you see invisible.
   Fly:       It grants you flight.
 M - a +2 plate armour of positive energy (worn)
Jewellery
 i - an amulet of guardian spirit (around neck)
 r - a ring of protection from fire
 E - an amulet of the acrobat
 H - a ring of see invisible
Talismans
 k - a flux talisman
 q - a beast talisman (active)
 B - a blade talisman
Wands
 p - a wand of charming (9)
 t - a wand of digging (8)
 G - a wand of polymorph (11)
 P - a wand of flame (10)
Scrolls
 f - 2 scrolls of blinking {unknown}
 g - 2 scrolls of vulnerability
 h - 2 scrolls of fear {unknown}
 l - 4 scrolls of teleportation
 m - 3 scrolls of revelation {unknown}
 s - a scroll of silence {unknown}
 u - a scroll of butterflies {unknown}
 y - a scroll of fog {unknown}
 z - 2 scrolls of enchant weapon {unknown}
 C - a scroll of poison {unknown}
 D - a scroll of enchant armour {unknown}
 J - a scroll of torment {unknown}
Potions
 b - a potion of haste {unknown}
 e - 2 potions of enlightenment {unknown}
 j - a potion of degeneration {unknown}
 n - a potion of resistance {unknown}
 o - a potion of attraction {unknown}
 v - 2 potions of lignification {unknown}
 x - 2 potions of mutation {unknown}
 A - 3 potions of heal wounds {unknown}


   Skills:
 + Level 7.6 Fighting
 + Level 11.0(11.1) Axes
 + Level 2.4(7.4) Maces & Flails
 + Level 9.4 Armour
 + Level 3.4 Dodging
 + Level 1.3 Stealth
 + Level 6.1 Shields
 + Level 3.6 Shapeshifting


You had 9 spell levels left.
You didn't know any spells.
Your spell library contained the following spells:

 Spells                   Type           Power      Damage    Failure   Level
 Foxfire                  Conj/Fire      0%         2x1d4     99%         1
 Sting                    Conj/Alch      0%         1d3       99%         1
 Blink                    Tloc           0%         N/A       100%        2
 Ensorcelled Hibernation  Hex/Ice        0%         N/A       100%        2
 Lesser Beckoning         Tloc           0%         N/A       100%        2
 Mercury Vapours          Alch/Air       0%         N/A       100%        2
 Momentum Strike          Conj/Tloc      0%         3d8       100%        2
 Hailstorm                Conj/Ice       0%         3d5       100%        3
 Passwall                 Erth           0%         N/A       100%        3
 Summon Ice Beast         Ice/Summ       0%         N/A       100%        3
 Swiftness                Air            0%         N/A       100%        3
 Cause Fear               Hex            0%         N/A       100%        4
 Ignite Poison            Fire/Alch      0%         N/A       100%        4
 Martyr's Knell           Necr/Summ      0%         N/A       100%        4
 Olgreb's Toxic Radiance  Alch           0%         N/A       100%        4
 Sticky Flame             Fire/Alch      0%         2d4       100%        4
 Vhi's Electric Charge    Tloc/Air       0%         N/A       100%        4
 Fireball                 Conj/Fire      0%         3d3       100%        5
 Summon Mana Viper        Hex/Summ       0%         N/A       100%        5
 Permafrost Eruption      Ice/Erth       0%         2x4d1     100%        6
 Plasma Beam              Fire/Air       0%         2x1d10    100%        6
 Sculpt Simulacrum        Ice/Alch       0%         N/A       100%        6
 Starburst                Conj/Fire      0%         6d3       100%        6
 Ignition                 Fire           0%         3d3       100%        8
 Dragon's Call            Summ           0%         N/A       100%        9


Dungeon Overview and Level Annotations

Branches:
Dungeon (9/15)             Temple (1/1) D:5
   Lair: D:8-11         Orc: D:9-12

Altars:
Ashenzari
Cheibriados
Dithmenos
Elyvilon
Fedhas
Gozag
Hepliaklqana
Kikubaaqudgha
Makhleb
Nemelex Xobeh
Okawaru
Qazlal
Ru
Sif Muna
Trog
Uskayaw
Vehumet
Wu Jian
Xom
Yredelemnul
Zin
Beogh

Shops:
D:1 :   D:2 [   D:3 ?

Annotations:
D:8 2 transporters, spaghetti's ghost, novice OnCK


Innate Abilities, Weirdness & Mutations

You are a hulking beast.
Your limbs bulge with bestial killing power. (Slay +2)
You have a pair of horns on your head.
You reflexively headbutt those who attack you in melee.


Message History

Found a transparent plate armour.
There is a sparkling altar of Nemelex Xobeh here.
There is a transporter here.
Nemelex Xobeh says: You lose!
A transporter appears.
You enter the transporter and appear at another place.
The cyclops throws a large rock.
The large rock hits you!!
You completely miss the vampire mosquito.
Your headbutt misses the vampire mosquito.
You block the vampire mosquito's attack.
The vampire mosquito bites you.
The vampire mosquito closely misses you.
The cyclops throws a large rock.
The large rock barely misses you.
You barely miss the vampire mosquito.
The vampire mosquito bites you but does no damage. x3
The cyclops throws a large rock.
The large rock hits you!
You closely miss the vampire mosquito. The vampire mosquito bites you. x2
The vampire mosquito draws strength from your injuries!
The vampire mosquito bites you but does no damage.
Unknown command.
You sock the cyclops! Your headbutt misses the cyclops.
The cyclops is lightly wounded.
The vampire mosquito bites you. The vampire mosquito bites you!
The vampire mosquito draws strength from your injuries!
The vampire mosquito bites you. The cyclops hits you!
* * * LOW HITPOINT WARNING * * *
You hit the cyclops.
You headbutt the cyclops, but do no damage.
The cyclops is moderately wounded.
The vampire mosquito closely misses you.
The vampire mosquito misses you.
The vampire mosquito bites you but does no damage.
The cyclops hits you but does no damage.
You feel very mighty all of a sudden. The vampire mosquito bites you!
* * * LOW HITPOINT WARNING * * *
The vampire mosquito draws strength from your injuries!
The vampire mosquito barely misses you. The cyclops hits you!!
You die...
Your body crumbles into a pile of gold.

..........#▓⌠...⌠▓
..........#▓▓▓▓▓▓▓
...#......#.....§#
..........'...._©#
...###....#.....§#
..........#▓▓▓▓▓▓▓
##...#<..##▓⌠...⌠▓
.#..##...# ▓...C.▓
....###### ▓©..yh▓
...## ▓.....▓ ...#
▓⌠...⌠▓ ...####
▓▓▓▓▓▓▓ .......
.......# .......#
..#.#### ..###


You could see a cyclops and a vampire mosquito.

Vanquished Creatures
  A troll (D:8)
  2 hornets
  3 yaks (D:9)
  A fire bat (D:5)
  A wyvern (D:7)
  5 steam dragons
  4 orc warriors
  2 sky beasts
  A black bear (D:6)
  An ogre (D:6)
  A centaur (D:9)
  A kobold brigand (D:9)
  Blork the orc (D:4)
  4 bullfrogs
  A scorpion (D:6)
  14 wights (D:9)
  2 orc priests
  7 hounds
  A gnoll bouda (D:4)
  A sleepcap (D:5)
  An iguana (D:7)
  4 orc wizards
  7 gnolls (D:4)
  6 adders
  A white imp (D:6)
  4 ufetubi (D:7)
  41 orcs
  6 ball pythons
  10 endoplasms
  2 giant cockroaches
  3 hobgoblins
  9 jackals
  3 quokkas
  8 bats
  3 frilled lizards
  6 goblins
  9 kobolds
  3 rats
180 creatures vanquished.

Vanquished Creatures (others)
  A sky beast (D:7)
1 creature vanquished.

Grand Total: 181 creatures vanquished

Notes
Turn   | Place    | Note
-------+----------+-------------------------------------------
     0 | D:1      | Fodor the Minotaur Fighter began the quest for the Orb.
     0 | D:1      | Reached XP level 1. HP: 19/19 MP: 0/0
   168 | D:1      | Reached XP level 2. HP: 24/27 MP: 1/1
   341 | D:1      | Found Ocicsyur's Vocational Training.
   872 | D:2      | Found Suogh's Antique Armour Shoppe.
   940 | D:2      | Reached skill level 3 in Axes
  1113 | D:2      | Reached XP level 3. HP: 32/33 MP: 2/2
  1495 | D:3      | Found Dasuth's Magic Scroll Emporium.
  1505 | D:3      | Bought a scroll of identify for 28 gold pieces
  1621 | D:3      | Reached XP level 4. HP: 38/40 MP: 1/3
  1852 | D:3      | Reached skill level 4 in Axes
  2152 | D:4      | Reached XP level 5. HP: 36/46 MP: 1/4
  2207 | D:4      | Reached skill level 1 in Shapeshifting
  2236 | D:4      | Noticed Blork the orc
  2243 | D:4      | Killed Blork the orc
  2244 | D:4      | Reached skill level 5 in Axes
  2427 | D:4      | Reached XP level 6. HP: 53/53 MP: 5/5
  2449 | D:3      | Found a white marble altar of Elyvilon.
  2551 | D:4      | Reached skill level 1 in Dodging
  2828 | D:4      | Noticed a sky beast
  2834 | D:4      | Killed a sky beast
  2835 | D:4      | Reached skill level 5 in Armour
  3063 | D:5      | Entered Level 5 of the Dungeon
  3080 | D:5      | Found a staircase to the Ecumenical Temple.
  3090 | Temple   | Entered the Ecumenical Temple
  3090 | Temple   | Noticed a hell beast
  3091 | Temple   | Noticed Sorr the pandemonium lord
  3091 | Temple   | Noticed Zuzxefen the pandemonium lord
  3091 | Temple   | Noticed a Tzitzimitl
  3091 | Temple   | Noticed a blizzard demon
  3092 | Temple   | Noticed a rust devil
  3092 | Temple   | Noticed an Ice Fiend
  3106 | Temple   | Became a worshipper of Gozag Ym Sagoz the Greedy
  3120 | Temple   | Noticed a red devil
  3121 | Temple   | Noticed Dauqomn the pandemonium lord
  3619 | D:5      | Found a shimmering altar of Xom.
  3619 | D:5      | Noticed a sky beast
  3619 | D:5      | Noticed a fire bat
  3635 | D:5      | Killed a fire bat
  3636 | D:5      | Reached skill level 5 in Fighting
  3636 | D:5      | Reached skill level 6 in Axes
  3636 | D:5      | Reached XP level 7. HP: 56/61 MP: 6/6
  4523 | D:6      | Noticed a steam dragon
  4529 | D:6      | Killed a steam dragon
  4544 | D:6      | Reached skill level 7 in Axes
  4544 | D:6      | Reached XP level 8. HP: 43/69 MP: 4/7
  4727 | D:6      | Reached skill level 5 in Shields
  5227 | D:7      | Found a snail-covered altar of Cheibriados.
  5236 | D:7      | Reached skill level 8 in Axes
  5580 | D:7      | Noticed a hornet
  5587 | D:7      | HP: 2/71 [poisoned by a hornet]
  5587 | D:7      | Killed a hornet
  5588 | D:7      | Reached XP level 9. HP: 3/78 MP: 0/8
  5834 | D:7      | Reached skill level 9 in Axes
  6224 | D:2      | Bought a runed hat for 189 gold pieces
  6224 | D:2      | Bought a bloodstained orb for 378 gold pieces
  6224 | D:2      | Identified the orb "Exuedaphu" {*channel, Fly SInv} (You
                  | bought it in a shop on level 2 of the Dungeon)
  6481 | D:8      | Reached skill level 1 in Stealth
  6651 | D:8      | Noticed spaghetti's ghost (novice OnCK)
  6719 | D:8      | Found a transporter.
  6721 | D:8      | Found a transporter.
  7040 | D:8      | Found a basalt altar of Yredelemnul.
  7050 | D:8      | Found a radiant altar of Vehumet.
  7064 | D:8      | Found a roughly hewn altar of Beogh.
  7110 | D:8      | Reached skill level 10 in Axes
  7311 | D:8      | Noticed a troll
  7319 | D:8      | Killed a troll
  7667 | D:9      | Identified the +3 mace "Jixziv" {heavy, rF+ rN+ Int+4}
  7795 | D:9      | Reached XP level 10. HP: 70/86 MP: 6/9
  7799 | D:9      | Reached skill level 11 in Axes
  7802 | D:9      | Reached skill level 1 in Maces & Flails
  8370 | D:9      | Got the Encyclopedia of the Flock and Electricity
  8440 | D:9      | Found a sparkling altar of Nemelex Xobeh.
  8440 | D:9      | Found a transporter.
  8440 | D:9      | Noticed a cyclops
  8457 | D:9      | Slain by a cyclops

Illustrated notes

Levels and vault maps discovered:
D:1:      tarquinn_simple_flora_water_d, layout_loops_cross, serial_park_tiny_1,
          nicolae_shop_vocational
D:2:      layout_basic, serial_shops, shop, kennysheep_generic_room_6
D:3:      layout_basic, nicolae_overflow_hidden_temple, serial_shops, shop,
          grunt_ministairs_15, hangedman_decor_peaks_small
D:4:      layout_basic, uniq_blork_the_orc
D:5:      layout_loops_corners, regret_index_xom_of_box,
          minmay_temple_entry_stoned_glass, corexii_hall_statues_x,
          hangedman_abyss_or_decor_passed, st_stairs_6
D:6:      layout_cave_pods, hangedman_decor_riveting
D:7:      layout_rooms, amcnicky_altar_gilded
D:8:      layout_loops_corners, nicolae_vehumet_altar_sigil,
          kennysheep_mini_moat, special_room [special_room_orc],
          gammafunk_ghost_hive
D:9:      layout_cave_pools, grunt_nemelex_the_gamble, minmay_misc_feat_room
Temple:   nicolae_temple_panitentiary

Skill      XL: |  1  2  3  4  5  6  7  8  9 10 |
---------------+-------------------------------+-----
Armour         | 4 5 6 7 9 |  9.4
Shields        | 4 5 6 |  6.1
Axes           | 3 4 5 6 7 8 10 11 | 11.0
Fighting       | 4 5 6 7 |  7.6
Shapeshifting  | 1 2 3 |  3.6
Dodging        | 1 2 3 |  3.4
Stealth        | 1 |  1.3
Maces & Flails | 2 |  2.4

Action                     |  1- 3 |  4- 6 |  7- 9 | 10-12 || total
---------------------------+-------+-------+-------+-------++-------
  Melee: War axe           |    87 |    91 |   185 |       ||   363
         Headbutt          |    11 |    12 |    35 |     7 ||    65
         Mace              |       |       |    15 |    35 ||    50
    Use: Scroll            |     3 |     1 |     1 |       ||     5
         Potion            |       |       |     5 |     1 ||     6
 Armour: Scale mail        |    71 |    75 |    59 |       ||   205
         Plate armour      |       |       |   143 |    88 ||   231
  Dodge: Dodged            |    55 |    47 |    90 |    22 ||   214
  Block: Buckler           |    27 |    27 |    37 |    17 ||   108
   Form: Beast             |     1 |       |       |       ||     1

Table legend: (Time is in decaauts)
 A = Elapsed time spent in this place.
 B = Non-inter-level travel time spent in this place.
 C = Inter-level travel time spent in this place.
 D = Time resting spent in this place.
 E = Time spent auto-exploring this place.
 F = Levels seen in this place.
 G = Mean time per level.
                   A        B        C        D        E       F      G
               +--------+--------+--------+--------+--------+-----+--------+
         Total |   8568 |   8211 |    357 |    555 |   5365 |  10 |  856.8 |
       Dungeon |   8535 |   8178 |    357 |    555 |   5365 |   9 |  948.3 |
        Temple |     32 |     32 |      0 |      0 |      0 |   1 |   32.0 |
               +--------+--------+--------+--------+--------+-----+--------+

Top non-repeatable levels by time:
     D:8: 1243 daAuts
     D:6: 1169 daAuts
     D:4: 1067 daAuts
     D:5: 1023 daAuts
     D:7: 942 daAuts
     D:9: 882 daAuts
     D:1: 770 daAuts
     D:3: 764 daAuts
     D:2: 671 daAuts
  Temple: 32 daAuts
